 Dungeon Crawl Stone Soup version 0.32-a0-872-g59262bdc9b (webtiles) character file.

Game seed: 14062271524385235421

19 Ajdolov the Trooper (level 2, -1/16 HPs)
             Began as a Vine Stalker Monk on Mar 30, 2024.
             Slain by a gnoll
             ... wielding a +0 halberd
              (8 damage)
             ... on level 2 of the Dungeon.
             The game lasted 00:01:21 (917 turns).

Ajdolov the Trooper (Vine Stalker Monk)              Turns: 917, Time: 00:01:21

Health: -1/16      AC:  5    Str: 13    XL:     2   Next: 75%
Magic:  0/3        EV: 10    Int: 10    God:
Gold:   35         SH:  0    Dex: 16    Spells: 1/1 levels left

rFire   . . .        j - +0 long sword
rCold   . . .        d - orb {light}
rNeg    . . .        g - +0 ring mail
rPois   .            (no helmet)
rElec   .            (no cloak)
rCorr   .            (no gloves)
SInv    .            (no boots)
Will    .....        (no amulet)
Stlth   +            (no ring)
HPRegen 1.02/turn    (no ring)
MPRegen 0.08/turn

%: guardian spirit
@: glowing
A: fangs 2, regeneration 1, magic shield, antimagic bite, no potion heal 2
a: no special abilities


You were on level 2 of the Dungeon.
You visited 1 branch of the dungeon, and saw 2 of its levels.

You collected 35 gold pieces.

Inventory:

Hand Weapons
 j - a +0 long sword (weapon)
Armour
 d - an orb of light (worn)
 g - a +0 ring mail (worn)
Jewellery
 m - a ring of resist corrosion
Scrolls
 a - 2 scrolls of brand weapon {unknown}
 e - a scroll of immolation {unknown}
 f - a scroll of poison {unknown}
 i - a scroll of teleportation {unknown}
 k - 3 scrolls of enchant armour {unknown}
 l - a scroll of revelation {unknown}
 n - a scroll of blinking {unknown}
Potions
 b - a potion of cancellation {unknown}
 c - a potion of ambrosia
 h - 2 potions of brilliance {unknown}


   Skills:
 + Level 3.6 Fighting
 - Level 2.6 Long Blades
 - Level 2.4 Dodging


You had one spell level left.
You didn't know any spells.
Your spell library was empty.

Dungeon Overview and Level Annotations

Branches:
Dungeon (2/15)

Altars:


Innate Abilities, Weirdness & Mutations

You have extremely sharp teeth.
Your natural rate of healing is unusually fast.
When hurt, damage is shared between your health and your magic reserves.
Your bite disrupts and absorbs the magic of your enemies.
Potions cannot restore your health.


Message History

n - a scroll labelled ETIXUVVUOPO A rat comes into view.
A rat is nearby!
The rat bites you but does no damage.
You barely miss the rat. You bite the rat.
You kill the rat!
No target in view!
You see here a rat corpse.
You see here a jackal corpse.
A gnoll is nearby!
There is a stone staircase leading up here.
You start waiting.
Done waiting.
You see here a jackal corpse.
The gnoll shouts!
You hear a shout!
A gnoll comes into view. It is wielding a +0 halberd.
You hear a shout!
The gnoll shouts!
You hear an angry hiss.
You see here a jackal corpse.
There is a stone staircase leading up here.
You climb upwards.
There is a stone staircase leading down here.
You see here a +0 dagger.
There is a stone staircase leading down here.
You climb downwards.
There is a stone staircase leading up here.
A gnoll comes into view. It is wielding a +0 halberd.
Found a dagger.
The gnoll shouts!
You hear a shout!
A gnoll comes into view. It is wielding a +0 spear.
You start waiting.
A gnoll is nearby!
The gnoll hits you from afar with a +0 spear.
The gnoll hits you with a +0 halberd.
You slash the gnoll!
The gnoll is severely wounded.
The gnoll hits you from afar with a +0 spear!
The gnoll hits you with a +0 halberd!
Ouch! That really hurt!
You die...

.g......##
#.).g..# #..#
#######..#
.........#
########.#
###g# ##.#.#
####..@g#######
+..............
####...########
#..## #<## #.#
#.. ###. .#


You could see 2 gnolls.

Vanquished Creatures
  A dart slug (D:1)
  A ball python (D:1)
  2 goblins (D:1)
  4 hobgoblins (D:1)
  2 jackals (D:2)
  2 kobolds (D:1)
  A frilled lizard (D:1)
  2 rats (D:2)
15 creatures vanquished.

Notes
Turn   | Place    | Note
-------+----------+-------------------------------------------
     0 | D:1      | Ajdolov the Vine Stalker Monk began the quest for the Orb.
     0 | D:1      | Reached XP level 1. HP: 11/11 MP: 2/2
   242 | D:1      | Reached skill level 3 in Fighting
   439 | D:1      | Reached XP level 2. HP: 16/16 MP: 3/3
   627 | D:2      | Found a faded altar of an unknown god.
   917 | D:2      | Slain by a gnoll

Illustrated notes

Levels and vault maps discovered:
D:1:      elethiomel_arrival_infinity_welcomes_careful_drivers, layout_rooms,
          minivault_26, st_stairs_2
D:2:      layout_loops_corners, chequers_ecumenical_altar_simple_redux,
          minmay_small_reverse_x

Skill      XL: |  1 |
---------------+----+-----
Fighting       | 3 |  3.6
Long Blades    | |  2.6
Dodging        | |  2.4

Action                     || total
---------------------------++-------
  Melee: Falchion          ||     6
         Long sword        ||    22
         Bite              ||     8
 Armour: Ring mail         ||    16
  Dodge: Dodged            ||    25

Table legend: (Time is in decaauts)
 A = Elapsed time spent in this place.
 B = Non-inter-level travel time spent in this place.
 C = Inter-level travel time spent in this place.
 D = Time resting spent in this place.
 E = Time spent auto-exploring this place.
 F = Levels seen in this place.
 G = Mean time per level.
                   A        B        C        D        E       F      G
               +--------+--------+--------+--------+--------+-----+--------+
         Total |    923 |    843 |     80 |    106 |    555 |   2 |  461.5 |
       Dungeon |    923 |    843 |     80 |    106 |    555 |   2 |  461.5 |
               +--------+--------+--------+--------+--------+-----+--------+

Top non-repeatable levels by time:
     D:1: 701 daAuts
     D:2: 222 daAuts
